 Dungeon Crawl Stone Soup version 0.21.1-1-g345015f (webtiles) character file.

123 Fathero2 the Poker (level 5, -4/41 HPs)
             Began as a Merfolk Skald on July 7, 2018.
             Slain by a scorpion (5 damage)
             ... on level 4 of the Dungeon.
             The game lasted 00:15:43 (3278 turns).

Fathero2 the Poker (Merfolk Skald)                  Turns: 3278, Time: 00:15:43

Health: -4/41      AC:  3    Str: 12    XL:     5   Next: 7%
Magic:  8/8        EV: 13    Int: 13    God:
Gold:   84         SH:  0    Dex: 13    Spells: 2/8 levels left

rFire    + . .     SeeInvis .   a - +0 spear
rCold    . . .     Gourm    .   (no shield)
rNeg     . . .     Faith    .   m - +0 robe
rPois    .         Spirit   .   o - +1 hat
rElec    .         Reflect  .   (no cloak)
rCorr    .         Harm     .   (no gloves)
MR       .....                  (no boots)
Stlth    +.........             (no amulet)
HPRegen  0.13/turn              p - ring of protection from fire
MPRegen  0.11/turn              (no ring)

@: lethally poisoned (-4 -> -16)
A: change form in water, swift swim, stealthy swim
a: no special abilities


You were on level 4 of the Dungeon.
You were not hungry.

You visited 1 branch of the dungeon, and saw 4 of its levels.

You collected 84 gold pieces.

Inventory:

Hand Weapons
 a - a +0 spear (weapon)
 j - a +0 hunting sling
Missiles
 g - 27 arrows
 k - 22 stones (quivered)
 l - 23 poisoned needles
 s - 36 sling bullets
Armour
 b - a +0 leather armour
 f - a +0 shield
 i - a +0 helmet
 m - a +0 robe (worn)
 o - a +1 hat (worn)
 t - a +0 shield
Jewellery
 p - a ring of protection from fire (left hand)
Wands
 r - a wand of flame (14)
Scrolls
 e - 2 scrolls of identify {unknown}
 h - 5 scrolls of remove curse
 u - a scroll of enchant weapon {unknown}
 v - a scroll of teleportation {unknown}
Potions
 n - a potion of brilliance {unknown}
 q - a potion of haste {unknown}
Books
 c - a book of Battle

   Spells                             Type                      Level
   a - Infusion                       Charms                       1
   b - Shroud of Golubria             Charms/Translocation         2
   c - Song of Slaying                Charms                       2
   d - Spectral Weapon                Hexes/Charms                 3
   e - Regeneration                   Charms/Necromancy            3
Comestibles
 d - 5 rations


   Skills:
 * Level 3.0 Fighting
 * Level 4.9 Polearms
 - Level 0.6 Armour
 * Level 3.7 Dodging
 * Level 2.3 Spellcasting
 * Level 4.0 Charms


You had 2 spell levels left.
You knew the following spells:

 Your Spells              Type           Power        Failure   Level  Hunger
a - Infusion              Chrm           ##..         4%          1    #......
b - Regeneration          Chrm/Necr      #.........   32%         3    ###....
c - Shroud of Golubria    Chrm/Tloc      #.........   16%         2    ###....


Dungeon Overview and Level Annotations

Branches:
Dungeon (4/15)
 Temple: D:4-7

Altars:
Dithmenos
Elyvilon
Gozag
Makhleb
Qazlal
Sif Muna

Shops:
D:4 (


Message History

The adder bites you but does no damage.
* * * LOW HITPOINT WARNING * * *
You feel sick. The adder closely misses you. The jackal closely misses you.
* * * LOW HITPOINT WARNING * * *
You feel sick.
The scorpion stings you but does no damage.
There is a stone staircase leading up here.
Aiming: Throw Flame
Press: ? - help, Shift-Dir - straight line, f - jackal
Aim: a jackal The puff of flame hits the jackal.
The jackal is moderately wounded.
* * * LOW HITPOINT WARNING * * *
You feel sick. The jackal bites you.
* * * LOW HITPOINT WARNING * * *
The adder bites you.
* * * LOW HITPOINT WARNING * * *
You are more poisoned.
The adder poisons you! The scorpion stings you.
You die...

##### ##.....#..# #.#
....###.........# ..# ...
.#..............## #.. #..
..###............######.# #..
#.#####...........##....## #..
#..## #..###.............# #..
#.#.###..................### #..
.∩....#........sh..........####..
#.#.....####..hh@...........##...
#......## ##...S.................
####..## ##..###.............###.
#..# ##..## ##...........## ##
####..###..## ##...........# #
..#.......## #.........##.###
#....###.# ##......### #.<^
#.##.## ##.# #..##.## #... ## ###
#.# #.##### ##.#


You could see a scorpion, an adder and 3 jackals.

Vanquished Creatures
  Jessica (D:3)
  3 adders
  An ooze (D:4)
  2 dart slugs
  A leopard gecko (D:1)
  5 orcs
  4 bats
  3 giant cockroaches
  4 goblins
  10 hobgoblins
  3 jackals (D:3)
  A quokka (D:2)
  2 frilled lizards
  7 kobolds
  A leopard gecko zombie (D:4)
  9 rats
57 creatures vanquished.

Notes
Turn   | Place    | Note
-------+----------+-------------------------------------------
     0 | D:1      | Fathero2 the Merfolk Skald began the quest for the Orb.
     0 | D:1      | Reached XP level 1. HP: 16/16 MP: 3/3
   107 | D:1      | Reached XP level 2. HP: 4/23 MP: 1/5
   930 | D:2      | Found a shadowy altar of Dithmenos.
  1135 | D:2      | Reached XP level 3. HP: 21/28 MP: 6/6
  1149 | D:2      | Learned a level 3 spell: Regeneration
  1152 | D:2      | Learned a level 2 spell: Shroud of Golubria
  1213 | D:2      | Found a stormy altar of Qazlal.
  2288 | D:3      | Noticed Jessica
  2299 | D:3      | Killed Jessica
  2299 | D:3      | Reached XP level 4. HP: 34/34 MP: 7/7
  2668 | D:3      | Found a white marble altar of Elyvilon.
  2674 | D:3      | Found a burning altar of Makhleb.
  2675 | D:3      | Found a deep blue altar of Sif Muna.
  2796 | D:3      | Found an opulent altar of Gozag.
  2897 | D:3      | Reached XP level 5. HP: 19/41 MP: 4/8
  3210 | D:4      | Found Ibaonnyf's Weapon Boutique.
  3278 | D:4      | HP: 1/41 [adder (5)]
  3278 | D:4      | Slain by a scorpion

Skill      XL: |  1  2  3  4 |
---------------+-------------+-----
Dodging        | 3 |  3.7
Polearms       | 4 |  4.9
Charms         | 4 |  4.0
Fighting       | 3 |  3.0
Armour         | |  0.6
Spellcasting   | |  2.3

Action                   |  1- 3 |  4- 6 || total
-------------------------+-------+-------++-------
Melee: Spear             |   130 |    93 ||   223
 Cast: Infusion          |     2 |     3 ||     5
Evoke: Wand              |       |     1 ||     1
  Use: Scroll            |     1 |       ||     1
  Eat: Chunk             |     4 |     3 ||     7
       Ration            |       |     1 ||     1
Armor: Leather armour    |    17 |       ||    17
       Robe              |     9 |    21 ||    30
Dodge: Dodged            |    81 |    59 ||   140
